 Dungeon Crawl Stone Soup version 0.32-a0-699-g1ee5eff69a (webtiles) character file.

Game seed: 5108774932445392121

150 Griffin23 the Covered (level 5, 0/47 HPs)
             Began as a Minotaur Fighter on Mar 14, 2024.
             Succumbed to a killer bee's poison
             ... on level 4 of the Dungeon.
             The game lasted 00:04:05 (1499 turns).

Griffin23 the Covered (Minotaur Fighter)            Turns: 1499, Time: 00:04:06

Health: 0/47       AC: 10    Str: 22    XL:     5   Next: 10%
Magic:  4/4        EV:  7    Int:  5    God:
Gold:   81         SH:  4    Dex: 10    Spells: 4/4 levels left

rFire   . . .        a - +0 long sword
rCold   . . .        c - +0 buckler
rNeg    . . .        l - +0 chain mail
rPois   .            (helmet restricted)
rElec   +            k - scarf {repulsion}
rCorr   .            (no gloves)
SInv    .            p - +0 pair of boots
Will    .....        (no amulet) Stlth
                     (no ring)
HPRegen 0.27/turn    (no ring)
MPRegen 0.09/turn

%: repel missiles
@: mighty, lethally poisoned (0 -> -8)
A: horns 2, retaliatory headbutt, electricity resistance, no potion heal 1
a: no special abilities


You were on level 4 of the Dungeon.
You visited 1 branch of the dungeon, and saw 4 of its levels.

You collected 81 gold pieces.

Inventory:

Hand Weapons
 a - a +0 long sword (weapon)
Armour
 b - a +0 scale mail
 c - a +0 buckler (worn)
 k - a scarf of repulsion (worn)
 l - a +0 chain mail (worn)
 p - a +0 pair of boots (worn)
Talismans
 j - a beast talisman
Scrolls
 e - 3 scrolls of identify {unknown}
 h - 3 scrolls of amnesia {unknown}
 i - a scroll of acquirement {unknown}
 m - 2 scrolls of revelation {unknown}
Potions
 f - a potion of heal wounds {unknown}
 g - a potion of berserk rage {unknown}
 n - a potion of mutation
 o - a potion of brilliance {unknown}
 q - a potion of ambrosia {unknown}


   Skills:
 + Level 4.3 Fighting
 + Level 4.0 Long Blades
 + Level 4.6 Armour
 + Level 1.4 Dodging
 + Level 4.4 Shields


You had 4 spell levels left.
You didn't know any spells.
Your spell library contained the following spells:

 Spells                   Type           Power      Damage    Failure   Level
 Summon Ice Beast         Ice/Summ       0%         N/A       100%        3
 Summon Mana Viper        Hex/Summ       0%         N/A       100%        5
 Monstrous Menagerie      Summ           0%         N/A       100%        7


Dungeon Overview and Level Annotations

Branches:
Dungeon (4/15)
 Temple: D:4-7

Altars:
Ashenzari


Innate Abilities, Weirdness & Mutations

You have a pair of horns on your head.
You reflexively headbutt those who attack you in melee.
You are resistant to electric shocks. (rElec)
Potions are less effective at restoring your health.


Message History

* * * LOW HITPOINT WARNING * * *
The killer bee stings you but does no damage.
You are too injured to fight recklessly!
Unknown command.
You are too injured to fight recklessly!
Unknown command.
You are too injured to fight recklessly!
Unknown command.
You are too injured to fight recklessly!
Unknown command.
Welcome back, Griffin23 the Minotaur Fighter.
Press ? for a list of commands and other information.
You feel sick. You block the killer bee's attack.
The killer bee stings you but does no damage. x2
The killer bee barely misses you. You block the killer bee's attack.
The killer bee stings you.
* * * LOW HITPOINT WARNING * * *
You climb downwards.
You feel sick.
The killer bee stings you but does no damage.
The killer bee barely misses you. You furiously retaliate!
You headbutt the killer bee.
The killer bee stings you but does no damage.
There is a stone staircase leading up, spattered with blood here.
You feel very mighty all of a sudden.
You feel sick.
You are no longer poisoned.
The killer bee stings you but does no damage. x2
The killer bee stings you.
* * * LOW HITPOINT WARNING * * *
You are lethally poisoned!
The killer bee poisons you!
The killer bee stings you but does no damage.
The killer bee closely misses you.
The killer bee stings you but does no damage. x2
The killer bee stings you.
* * * LOW HITPOINT WARNING * * *
It was a potion of mutation.
You feel extremely strange.
Your system partially rejects the healing effects of potions.
You feel insulated.
You die...

+##### ..... .....
#...... ... #......
#####+#.. +#
#......
#.......#+#.#
+......
#......yy...#
...... #@y...#
..... #.y...# #....
#.....# #...#
#....#####+###...#
#..........).....#
#................#
#................#
#......###'#######
....?.#####'#####..


You could see 4 killer bees.

Vanquished Creatures
  A scorpion (D:4)
  2 adders (D:2)
  4 gnolls (D:2)
  5 dart slugs
  2 ball pythons (D:1)
  2 endoplasms
  A giant cockroach (D:2)
  A goblin (D:1)
  A hobgoblin (D:1)
  2 kobolds
  A quokka (D:1)
  4 bats
  2 frilled lizards (D:1)
  A rat (D:2)
29 creatures vanquished.

Vanquished Creatures (others)
  An endoplasm (D:4)
  A goblin (D:4)
2 creatures vanquished.

Grand Total: 31 creatures vanquished

Notes
Turn   | Place    | Note
-------+----------+-------------------------------------------
     0 | D:1      | Griffin23 the Minotaur Fighter began the quest for the Orb.
     0 | D:1      | Reached XP level 1. HP: 19/19 MP: 0/0
   114 | D:1      | Reached XP level 2. HP: 27/27 MP: 1/1
   863 | D:2      | Reached XP level 3. HP: 33/33 MP: 2/2
   927 | D:2      | Reached XP level 4. HP: 21/40 MP: 3/3
  1052 | D:2      | Reached skill level 1 in Dodging
  1223 | D:2      | You fall into a shaft and drop 2 floors!
  1319 | D:4      | Noticed a scorpion
  1329 | D:4      | Killed a scorpion
  1330 | D:4      | Reached XP level 5. HP: 44/47 MP: 4/4
  1417 | D:4      | Found a broken altar of Ashenzari.
  1498 | D:4      | HP: 2/47 [killer bee (2)]
  1499 | D:4      | Gained mutation: Potions are less effective at restoring
                  | your health. [potion of mutation]
  1499 | D:4      | Gained mutation: You are resistant to electric shocks.
                  | (rElec) [potion of mutation]
  1499 | D:4      | Succumbed to a killer bee's poison

Illustrated notes

Levels and vault maps discovered:
D:1:      beargit_arrival_greenhouse, layout_loops_ring
D:2:      layout_basic, grunt_ministairs_5, chequers_serial_rivers_micro_e
D:3:      layout_rooms, uniq_ijyb
D:4:      layout_basic, fedhas_ov_isle_minmay, kennysheep_little_box,
          nicolae_ashenzari_panopticon, lemuel_temple_firewalk_b,
          nicolae_zen_rock_garden

Skill      XL: |  1  2  3  4 |
---------------+-------------+-----
Armour         | 4 |  4.6
Shields        | 4 |  4.4
Fighting       | 4 |  4.3
Long Blades    | 3 4 |  4.0
Dodging        | 1 |  1.4

Action                     |  1- 3 |  4- 6 || total
---------------------------+-------+-------++-------
  Melee: Long sword        |    57 |    34 ||    91
         Headbutt          |    10 |     3 ||    13
    Use: Potion            |       |     2 ||     2
 Armour: Scale mail        |    23 |       ||    23
         Chain mail        |    20 |    56 ||    76
  Dodge: Dodged            |    24 |    19 ||    43
         Repelled          |     3 |     1 ||     4
  Block: Buckler           |     9 |    14 ||    23

Table legend: (Time is in decaauts)
 A = Elapsed time spent in this place.
 B = Non-inter-level travel time spent in this place.
 C = Inter-level travel time spent in this place.
 D = Time resting spent in this place.
 E = Time spent auto-exploring this place.
 F = Levels seen in this place.
 G = Mean time per level.
                   A        B        C        D        E       F      G
               +--------+--------+--------+--------+--------+-----+--------+
         Total |   1524 |   1233 |    291 |      0 |    949 |   4 |  381.0 |
       Dungeon |   1524 |   1233 |    291 |      0 |    949 |   4 |  381.0 |
               +--------+--------+--------+--------+--------+-----+--------+

Top non-repeatable levels by time:
     D:1: 857 daAuts
     D:2: 389 daAuts
     D:4: 274 daAuts
     D:3: 4 daAuts
